 Dungeon Crawl Stone Soup version 0.30-a0-986-g7f2e898f52 (console) character file.

Game seed: 5724862109014064707

72 utis the Trooper (level 4, -2/27 HPs)
             Began as a Tengu Wanderer on Apr 1, 2023.
             Slain by an orc wizard
             ... wielding a +0 dagger
              (3 damage)
             ... on level 3 of the Dungeon.
             The game lasted 00:06:43 (2187 turns).

utis the Trooper (Tengu Wanderer)                   Turns: 2187, Time: 00:06:44

Health: -2/27      AC:  3    Str:  9    XL:     4   Next: 26%
Magic:  3/8        EV: 12    Int: 16    God:
Gold:   122        SH:  0    Dex: 15    Spells: 5/7 levels left

rFire   . . .      SeeInvis .    a - +0 falchion
rCold   . . .      Faith    .    (no shield)
rNeg    . . .      Spirit   .    d - +0 robe
rPois   .          Reflect  .    (helmet restricted)
rElec   .          Rampage  .    b - +0 cloak
rCorr   .                        (no gloves)
Will    .....                    (boots unavailable)
Stlth   ++                       (no amulet)
HPRegen 0.24/turn                (no ring)
MPRegen 0.11/turn                (no ring)

@: no status effects
A: beak, talons 3
a: no special abilities


You were on level 3 of the Dungeon.
You visited 1 branch of the dungeon, and saw 3 of its levels.

You collected 122 gold pieces.

Inventory:

Hand Weapons
 a - a +0 falchion (weapon)
Missiles
 n - 10 stones
Armour
 b - a +0 cloak (worn)
 d - a +0 robe (worn)
Scrolls
 c - a scroll of summoning
 g - a scroll of fog {unknown}
 j - a scroll of amnesia {unknown}
 l - a scroll of teleportation {@r4}
 o - a scroll of vulnerability {unknown}
 p - a scroll of blinking {unknown}
 q - a scroll of fear {unknown}
 r - a scroll of immolation {unknown}
Potions
 e - a potion of cancellation
 f - 3 potions of haste {@q3}
 h - 2 potions of might
 i - 3 potions of lignification
 m - a potion of ambrosia
 s - a potion of magic {unknown}


   Skills:
 + Level 2.8 Fighting
 - Level 2.1 Long Blades
 - Level 1.1 Armour
 + Level 1.8 Dodging
 - Level 2.0 Stealth
 - Level 2.0 Spellcasting
 + Level 1.2 Conjurations
 - Level 2.0 Necromancy
 + Level 1.2 Air Magic


You had 5 spell levels left.
You knew the following spells:

 Your Spells              Type           Power      Damage    Failure   Level
z - Shock                 Conj/Air       20%        1d4       13%         1
Y - Necrotise             Necr           32%        1d5       9%          1

Your spell library contained the following spells:

 Spells                   Type           Power      Damage    Failure   Level
 Freeze                   Ice            4%         1d3       21%         1
 Swiftness                Air            5%         N/A       36%         3
 Vhi's Electric Charge    Tloc/Air       6%         N/A       43%         3
 Ignite Poison            Fire/Tmut/Pois 1%         N/A       52%         3
 Tukima's Dance           Hex            1%         N/A       52%         3
 Airstrike                Air            2%         2d(1-17)  77%         4
 Sticky Flame             Conj/Fire      3%         2d3       85%         4
 Ignition                 Fire           0%         3d3       100%        8


Dungeon Overview and Level Annotations

Branches:
Dungeon (3/15)

Altars:


Innate Abilities, Weirdness & Mutations

You have a beak for a mouth.
You have claws for feet.


Message History

The orc wizard mumbles some strange words.
The orc wizard flickers and vanishes!
Deactivating autopickup; reactivate with Ctrl-A.
You hear a shout! x3
No target in view!
No target in view!
You closely miss something. Your kick misses something.
You hear a shout!
An orc priest comes into view. It is wielding a +0 dagger.
You hear some strange, mumbled words.
A magic dart appears from out of thin air!
The magic dart hits you. Something hits you.
Something writhes in agony.
The orc priest writhes in agony.
* * * LOW MAGIC WARNING * * *
Something hits you.
Your rat skeleton bites something.
The orc priest resists with significant effort.
* * * LOW MAGIC WARNING * * *
The orc priest mumbles some strange prayers to Beogh against you.
Pain shoots through your body!
* * * LOW HITPOINT WARNING * * *
Something hits you.
* * * LOW HITPOINT WARNING * * *
Your rat skeleton misses something.
You are too injured to fight recklessly!
You are too injured to fight recklessly!
You closely miss the orc priest. Your kick misses the orc priest.
The orc priest is moderately wounded.
The orc priest hits you with a +0 dagger.
* * * LOW HITPOINT WARNING * * *
You hear some strange, mumbled words.
Something tries to affect you, but you resist.
Your rat skeleton barely misses something.
You closely miss the orc priest.
The orc priest is moderately wounded.
The orc priest hits you with a +0 dagger.
* * * LOW HITPOINT WARNING * * *
Something hits you.
You die...

░░░ ░.. ░.░
░░o░░
░░░░░░..Q░░
.!<....Z..░
░░░░░░....░
░░.░.░ ░
░.░.░ ..
░░░░░.░.░ ...
░.......░ ░░░
......░░░░░.░
..░ .... ░.░
░.░


You could see an orc priest (ally target) and a friendly rat skeleton.

Vanquished Creatures
  A sleepcap (D:3)
  2 worms (D:2)
  A dart slug (D:1)
  2 bats
  3 endoplasms (D:1)
  A giant cockroach (D:1)
  3 goblins
  7 hobgoblins
  3 quokkas
  3 ball pythons (D:1)
  2 frilled lizards
  4 kobolds
  A rat (D:3)
33 creatures vanquished.

Vanquished Creatures (collateral kills)
  A goblin (D:1)
1 creature vanquished.

Vanquished Creatures (others)
  An endoplasm (D:3)
  A kobold (D:3)
2 creatures vanquished.

Grand Total: 36 creatures vanquished

Notes
Turn   | Place    | Note
-------+----------+-------------------------------------------
     0 | D:1      | utis the Tengu Wanderer began the quest for the Orb.
     0 | D:1      | utis set off with the following items: a +0 falchion, a +0
                  | cloak, a scroll of summoning, a +0 robe; and the following
                  | spells available to memorise: Freeze, Necrotise, Tukima's
                  | Dance, Vhi's Electric Charge.
     0 | D:1      | Reached XP level 1. HP: 12/12 MP: 4/4
     2 | D:1      | Learned a level 1 spell: Necrotise
   208 | D:1      | Reached skill level 1 in Necromancy
   242 | D:1      | Reached XP level 2. HP: 17/17 MP: 1/6
   440 | D:1      | Reached skill level 1 in Dodging
   671 | D:1      | Reached XP level 3. HP: 22/22 MP: 4/7
  1382 | D:2      | Learned a level 1 spell: Shock
  2035 | D:3      | Reached skill level 1 in Conjurations
  2035 | D:3      | Reached skill level 1 in Air Magic
  2035 | D:3      | Reached XP level 4. HP: 27/27 MP: 3/8
  2187 | D:3      | HP: 1/27 [orc priest/+0 dagger (4)]
  2187 | D:3      | Slain by an orc wizard

Illustrated notes

Levels and vault maps discovered:
D:1:      kilobyte_arrival_exit_the_forest, layout_loops_ring, minmay_domino_4
D:2:      layout_basic
D:3:      layout_loops_ring, elyvilon_altar_4, uniq_terence,
          uniq_crazy_yiuf_cottage

Skill      XL: |  1  2  3 |
---------------+----------+-----
Necromancy     | 1 2 |  2.0
Dodging        | 1 |  1.8
Conjurations   | 1 |  1.2
Air Magic      | 1 |  1.2
Fighting       | |  2.8
Long Blades    | |  2.1
Armour         | |  1.1
Stealth        | |  2.0
Spellcasting   | |  2.0

Action                     |  1- 3 |  4- 6 || total
---------------------------+-------+-------++-------
  Melee: Falchion          |    42 |     3 ||    45
         Kick              |    13 |       ||    13
         Peck              |     7 |       ||     7
  Throw: Stone             |     1 |       ||     1
   Cast: Necrotise         |    58 |     7 ||    65
    Use: Scroll            |     7 |       ||     7
 Armour: Robe              |     8 |       ||     8
  Dodge: Dodged            |    25 |       ||    25

Table legend: (Time is in decaauts)
 A = Elapsed time spent in this place.
 B = Non-inter-level travel time spent in this place.
 C = Inter-level travel time spent in this place.
 D = Time resting spent in this place.
 E = Time spent auto-exploring this place.
 F = Levels seen in this place.
 G = Mean time per level.
                   A        B        C        D        E       F      G
               +--------+--------+--------+--------+--------+-----+--------+
         Total |   2204 |   2118 |     86 |    475 |   1324 |   3 |  734.7 |
       Dungeon |   2204 |   2118 |     86 |    475 |   1324 |   3 |  734.7 |
               +--------+--------+--------+--------+--------+-----+--------+

Top non-repeatable levels by time:
     D:1: 1241 daAuts
     D:2: 753 daAuts
     D:3: 209 daAuts
